Melo, chaotic female human Monk ----- --------------- ------------ |...| |.{............######...........+ `#####------ |>...# |.............| |..........| ##.....| |...|# |.............| --------.--- ##|....| |...|# |.............| ###### ####+....| -----# ------------.-- # # ##-|---- # ## ######e@##` `######## # # # #------ # # #### ############### #|....| ##### # ### #----- -.----- #|....| -.-.--# # #.....######+.....| #|....-######### |....-## ## |...| ##|......###################|<...| # |....| # # |....######|.....| `|....| ##.....+ |...| #------- #|....| |....| |....###############################`------ |....| ----- ####### |....| ------ Melo the Novice Experience level: 4 Strength: 18 Dexterity: 12 Constitution: 13 Intelligence: 7 Wisdom: 16 Charisma: 9 Health: 31(31) Energy: 21(21) Def: 6 Gold: 1030 Moves: 2248 Dungeon seed: fghLtvytNuFpxMAV Game ID: Melo_1500146689 Your Inventory: Coins $ - 1030 gold pieces Amulets K - an uncursed amulet of unchanging Weapons t - 2 +0 daggers x - a +0 knife F - a cursed +0 two-handed sword (weapon in hands) M - a +1 scimitar Armor e - an uncursed burnt +2 pair of leather gloves (being worn) q - a cursed -1 dented pot (being worn) r - an uncursed +0 orcish helm Y - an uncursed +0 pair of iron shoes (being worn) Comestibles d - 2 uncursed food rations f - 5 uncursed apples (in quiver) g - 4 uncursed oranges h - 4 uncursed fortune cookies w - 3 uncursed tripe rations L - 2 uncursed eggs O - an uncursed lichen corpse Spellbooks a - a blessed spellbook of healing u - an uncursed spellbook of identify G - an uncursed spellbook of magic missile Potions c - 2 uncursed potions of healing p - an uncursed potion of object detection E - a blessed potion of oil Rings s - a blessed +2 ring of protection (on left hand) Wands C - a wand of light (0:11) N - a wand of locking (0:7) Gems y - 2 uncursed worthless pieces of green glass z - an uncursed worthless piece of orange glass Boulders/Statues n - an uncursed statue of a newt Spells and supernatural/magical abilities: Name Level Category Fail Memory h - healing 1 healing 55% 89% W - pray for help -- divine ? -- Your skills at the end: Fighting Skills martial arts [Basic] Weapon Skills Spellcasting Skills healing spells [Basic] Final Attributes: You were piously aligned. You were sleep resistant. You were poison resistant. You saw invisible. You were protected. You were fast. You survived. Vanquished creatures: a kitten a dwarf an iguana an acid blob 4 coyotes a large kobold a hobgoblin a yellow mold 2 geckos 6 jackals a fox 6 grid bugs 2 bats 3 lichens a kobold zombie 2 newts 34 creatures vanquished. Voluntary challenges: You had followed a strict vegan diet until turn 2019. You had followed a strict vegetarian diet until turn 2019. You were an atheist. You used a wielded weapon 18 times, starting on turn 1480. You read items or engraved 5 times, starting on turn 565. You never genocided any monsters. You never polymorphed an object. You never changed form. You used no wishes. You never split a pudding. You never wrote Elbereth's name. You violated your moral code, losing 1 point of alignment, starting on turn 2019. Dungeon overview: The Dungeons of Doom: levels 1 to 6 Level 1 an altar to Shan Lai Ching a long staircase Level 2 a sink Level 3 a long staircase Level 4 an altar to Chih Sung-tzu, a fountain Level 5 <- You were here a fountain Level 6 a fountain History has recorded: On T:1 you entered the Dungeons of Doom to retrieve the Amulet of Yendor! On T:261 you reached level 2 of The Dungeons of Doom. On T:595 you reached level 3 of The Dungeons of Doom. On T:602 you advanced to experience level 2. On T:750 you reached level 4 of The Dungeons of Doom. On T:1066 you advanced to experience level 3. On T:1347 you reached level 5 of The Dungeons of Doom. On T:1435 you reached level 6 of The Dungeons of Doom. On T:2001 you advanced to experience level 4. Score breakdown: Gold: 1030 (10250 points) Experience: 4 levels ( 9649 points) Exploration: 6 levels ( 12.24%) ( 9682 points) Discoveries: 6 items ( 2.14%) ( 4391 points) Valuables value: (no points given unless you survive) Artifact value: 0 ( 0 points) Variety of kills: 16 monsters ( 4.20%) ( 6147 points) Turncount: 2248 turns ( -173 points) Survival: quit (score multiplied by 90%) Total score: 35951 Latest messages: The floating eye glares at you. You manage to look away just in time; but that disturbs your aim, and you miss. The floating eye glares at you. You manage to look away just in time; but that disturbs your aim, and you miss. You try to move the boulder, but in vain. (2x) Never mind. Your arms are not free to cast! The floating eye glares at you. You manage to look away just in time; but that disturbs your aim, and you miss. The floating eye glares at you. You manage to look away just in time; but that disturbs your aim, and you miss. The floating eye glares at you. You manage to look away just in time; but that disturbs your aim, and you miss. The floating eye glares at you. You manage to look away just in time; but that disturbs your aim, and you miss. The floating eye glares at you. You manage to look away just in time; but that disturbs your aim, and you miss. The statue of a newt is empty. The statue of a newt is empty. Final status: Goodbye Melo the Monk, quit... You quit in The Dungeons of Doom on dungeon level 5 with 35951 points, and 1030 pieces of gold, after 2248 moves. You were level 4 with a maximum of 31 hit points when you quit.